 Dungeon Crawl Stone Soup version 0.28-a0-1339-ga5422284a4 (webtiles) character file.

Game seed: 9601557663725921775

1473 willcat the Conjurer (level 8, 0/53 (58) HPs)
             Began as a Gnoll Conjurer on Dec 28, 2021.
             Slain by a wight (1 damage)
             ... on level 6 of the Dungeon.
             The game lasted 00:07:54 (6738 turns).

willcat the Conjurer (Gnoll Conjurer)               Turns: 6738, Time: 00:07:55

HP:   0/53 (58)     AC: 13    Str:  6    XL:     8   Next: 78%
MP:   17/17         EV: 12    Int: 19    God:
Gold: 336           SH:  0    Dex:  7    Spells: 14/19 levels left

rFire   . . .      SeeInvis +   a - +9 hand axe of Wealth {vorpal, Dex-5 SInv Stlth+}
rCold   . . .      Faith    .   (no shield)
rNeg    . . .      Spirit   .   h - +2 leather armour {rPois}
rPois   +          Reflect  .   m - +2 helmet
rElec   .          Harm     .   (no cloak)
rCorr   .          Rampage  .   y - +0 pair of gloves
Will    .....                   (no boots)
Stlth   +++.......              (no amulet)
HPRegen 0.17/turn               w - +4 ring of protection
MPRegen 0.15/turn               A - ring of poison resistance

@: drained
A: fangs 1, strong nose, distributed training
a: no special abilities


You were on level 6 of the Dungeon.
You visited 1 branch of the dungeon, and saw 6 of its levels.

You collected 336 gold pieces.

Inventory:

Hand Weapons
 a - the +9 hand axe of Wealth (weapon) {vorpal, Dex-5 SInv Stlth+}
   (You found it on level 4 of the Dungeon)

   It inflicts extra damage upon your enemies.
   Dex:       It affects your dexterity (-5).
   SInv:      It lets you see invisible.
   Stlth:     It makes you more stealthy.
 b - a +2 dagger of venom
Missiles
 c - 13 poisoned darts
Armour
 h - a +2 leather armour of poison resistance (worn)
 m - a +2 helmet (worn)
 y - a +0 pair of gloves (worn)
Jewellery
 w - a +4 ring of protection (left hand)
 A - a ring of poison resistance (right hand)
Wands
 q - a wand of iceblast (3)
Scrolls
 i - 7 scrolls of identify {unknown}
 k - a scroll of summoning {unknown}
 n - 2 scrolls of teleportation {unknown}
 p - a scroll of torment {unknown}
 r - a scroll of acquirement {unknown}
 s - 2 scrolls of vulnerability {unknown}
 t - a scroll of immolation {unknown}
 u - a scroll of silence {unknown}
 v - 2 scrolls of enchant armour {unknown}
 x - a scroll of blinking {unknown}
 z - a scroll of noise {unknown}
Potions
 d - 2 potions of curing
 e - 3 potions of haste {unknown}
 f - a potion of flight {unknown}
 g - 2 potions of might {unknown}
 j - a potion of heal wounds {unknown}
 l - a potion of lignification {unknown}
 o - 2 potions of invisibility {unknown}


   Skills:
 + Level 3.5 Fighting
 + Level 3.5 Short Blades
 + Level 3.5 Long Blades
 + Level 3.5 Axes
 + Level 3.5 Maces & Flails
 + Level 3.5 Polearms
 + Level 3.5 Staves
 + Level 3.5 Slings
 + Level 3.5 Bows
 + Level 3.5 Crossbows
 + Level 3.5 Throwing
 + Level 3.5 Armour
 + Level 5.9 Dodging
 + Level 5.5 Stealth
 + Level 3.5 Shields
 + Level 3.5 Unarmed Combat
 + Level 6.2 Spellcasting
 + Level 7.7 Conjurations
 + Level 2.9 Hexes
 + Level 2.9 Summonings
 + Level 2.9 Necromancy
 + Level 2.9 Translocations
 + Level 2.9 Transmutations
 + Level 2.9 Fire Magic
 + Level 2.9 Ice Magic
 + Level 2.9 Air Magic
 + Level 2.9 Earth Magic
 + Level 2.9 Poison Magic
 + Level 3.9 Invocations
 + Level 3.5 Evocations


You had 14 spell levels left.
You knew the following spells:

 Your Spells              Type           Power      Damage    Failure   Level
a - Magic Dart            Conj           100%       1d8       1%          1
b - Iskenderun's Mystic   Conj/Tloc      26%        2d7       19%         4

Your spell library contained the following spells:

 Spells                   Type           Power      Damage    Failure   Level
 Searing Ray              Conj           70%        2d7       1%          2
 Dazzling Flash           Conj/Hex       52%        N/A       5%          3
 Ensorcelled Hibernation  Hex/Ice        34%        N/A       8%          2
 Tukima's Dance           Hex            17%        N/A       14%         3
 Fulminant Prism          Conj/Hex       13%        3d9       19%         4
 Starburst                Conj/Fire      13%        6d5       95%         6
 Enfeeble                 Hex            8%         N/A       100%        7


Dungeon Overview and Level Annotations

Branches:
Dungeon (6/15)
 Temple: D:4-7

Altars:
Hepliaklqana

Shops:
D:4 *


Innate Abilities, Weirdness & Mutations

You have very sharp teeth.
Your uncanny sense of smell can sniff out nearby items.
Your experience applies equally to all skills.


Message History

You barely miss the wight.
The wight is severely damaged.
You closely miss the wight. The wight closely misses you.
The orc hits you but does no damage. The wight barely misses you.
The wight hits you but does no damage.
You hit the wight. You bite the wight, but do no damage.
The wight is almost destroyed.
You hit the wight.
The orc hits you from afar with a +0 spear.
The wight closely misses you.
The wight hits you with a +1 falchion of freezing.
You feel drained. The wight freezes you.
The wight hits you with a +0 short sword.
You hit the wight. You bite the wight, but do no damage.
The wight is lightly damaged.
The wight hits you but does no damage.
You slash the wight!
The wight is almost destroyed.
The wight hits you with a +3 falchion.
You hit the wight.
You destroy the wight!
You hit the wight but do no damage.
The wight is lightly damaged.
You hit the wight.
You destroy the wight!
You closely miss the wight.
The wight hits you with a +1 falchion of freezing!
You feel drained. The wight freezes you.
You are too injured to fight recklessly!
You are too injured to fight recklessly!
You are too injured to fight recklessly!
Unknown command.
The wight hits you with a +1 falchion of freezing!
* * * LOW HITPOINT WARNING * * *
The wight freezes you.
* * * LOW HITPOINT WARNING * * *
The wight hits you with a +1 falchion of freezing!
* * * LOW HITPOINT WARNING * * *
You feel drained.
You die...

#.......#...#...###.#### #...
..###..###.###..##...# .. ##
#....###).÷..)...# #
####†.#######.###.(.# ∆
##......#...#..# #<..#####
.............o####...#...#
...###.#.#..).........#
...............z......# .#
...###.#.#......@.....###...#
...###.#.##.#####........#
##........#.# #.....####
#####.##.#)# #.)...# #.....<#
#.....# #. ####.### #.....#
#.## #.# #.....# #... #.#
#.#.#.# #..#
..######.#######.#.#.## #..#


You could see a wight and an orc.

Vanquished Creatures
  A necrophage (D:6)
  3 ogres
  A phantom (D:5)
  A scorpion (D:6)
  A wyvern skeleton (D:6)
  A water moccasin skeleton (D:4)
  A howler monkey (D:5)
  4 wights (D:6)
  5 hounds
  3 orc priests
  Jessica (D:2)
  3 iguanas
  Ijyb (D:5)
  Natasha (twice) (D:2)
  2 orc wizards
  A hound skeleton (D:5)
  A howler monkey zombie (D:6)
  4 gnolls (D:4)
  6 adders
  A white imp (D:5)
  An ufetubus (D:5)
  An adder skeleton (D:5)
  3 dart slugs
  12 orcs
  9 ball pythons
  5 bats
  7 endoplasms
  2 giant cockroaches
  5 goblins
  8 hobgoblins
  3 jackals
  6 quokkas
  5 frilled lizards
  10 kobolds
  6 rats
126 creatures vanquished.

Notes
Turn   | Place    | Note
-------+----------+-------------------------------------------
     0 | D:1      | willcat the Gnoll Conjurer began the quest for the Orb.
     0 | D:1      | Reached XP level 1. HP: 13/13 MP: 6/6
   188 | D:1      | Reached XP level 2. HP: 19/19 MP: 2/7
   544 | D:1      | Found a faded altar of an unknown god.
   562 | D:1      | Found a faded altar of an unknown god.
   975 | D:1      | Reached XP level 3. HP: 25/25 MP: 7/9
  1144 | D:2      | Noticed Jessica
  1178 | D:1      | Reached skill level 5 in Spellcasting
  1396 | D:2      | Reached skill level 1 in Invocations
  1601 | D:2      | Reached skill level 1 in Fighting
  1601 | D:2      | Reached skill level 1 in Short Blades
  1601 | D:2      | Reached skill level 1 in Long Blades
  1601 | D:2      | Reached skill level 1 in Axes
  1601 | D:2      | Reached skill level 1 in Maces & Flails
  1601 | D:2      | Reached skill level 1 in Polearms
  1601 | D:2      | Reached skill level 1 in Staves
  1601 | D:2      | Reached skill level 1 in Slings
  1601 | D:2      | Reached skill level 1 in Bows
  1601 | D:2      | Reached skill level 1 in Crossbows
  1601 | D:2      | Reached skill level 1 in Throwing
  1601 | D:2      | Reached skill level 1 in Armour
  1601 | D:2      | Reached skill level 1 in Shields
  1601 | D:2      | Reached skill level 1 in Unarmed Combat
  1601 | D:2      | Reached skill level 1 in Evocations
  1794 | D:2      | Reached XP level 4. HP: 28/32 MP: 11/11
  1898 | D:2      | Killed Jessica
  1899 | D:2      | Reached skill level 1 in Hexes
  1899 | D:2      | Reached skill level 1 in Summonings
  1899 | D:2      | Reached skill level 1 in Necromancy
  1899 | D:2      | Reached skill level 1 in Translocations
  1899 | D:2      | Reached skill level 1 in Transmutations
  1899 | D:2      | Reached skill level 1 in Fire Magic
  1899 | D:2      | Reached skill level 1 in Ice Magic
  1899 | D:2      | Reached skill level 1 in Air Magic
  1899 | D:2      | Reached skill level 1 in Earth Magic
  1899 | D:2      | Reached skill level 1 in Poison Magic
  2117 | D:2      | Noticed Natasha
  2131 | D:2      | Killed Natasha
  2132 | D:2      | Reached XP level 5. HP: 33/37 MP: 10/12
  2312 | D:2      | Noticed Natasha
  2321 | D:2      | Killed Natasha
  3522 | D:3      | Found a hazy altar of Hepliaklqana.
  3841 | D:4      | Reached XP level 6. HP: 44/44 MP: 10/13
  3911 | D:4      | Learned a level 4 spell: Iskenderun's Mystic Blast
  4173 | D:4      | Reached skill level 5 in Dodging
  4176 | D:4      | Identified the +9 hand axe of Wealth {vorpal, Dex-5 SInv
                  | Stlth+}
  4374 | D:4      | Found Kuethreusm's Gadget Gallery.
  4822 | D:4      | Reached XP level 7. HP: 50/50 MP: 15/15
  5248 | D:5      | Entered Level 5 of the Dungeon
  5283 | D:5      | Reached skill level 5 in Stealth
  5628 | D:5      | Noticed Ijyb
  5641 | D:5      | Reached XP level 8. HP: 48/57 MP: 16/16
  5672 | D:5      | Killed Ijyb
  6738 | D:6      | HP: 1/55 [wight (7)]
  6738 | D:6      | Slain by a wight

Illustrated notes

Levels and vault maps discovered:
D:1:      erik_arrival_orb_chamber, layout_basic,
          hellmonk_ecumenical_altar_the_god_not_taken, minmay_heptomino_l4
D:2:      layout_rooms, uniq_natasha, uniq_jessica
D:3:      layout_basic, nzn_hepliaklqana_mist_gate
D:4:      layout_cave_pods, minmay_misc_feat_tower, minmay_misc_feat_hallway,
          st_stairs_7, nicolae_shop_gadgets
D:5:      layout_basic, uniq_ijyb
D:6:      layout_loops_cross, minmay_between

Skill      XL: |  1  2  3  4  5  6  7  8 |
---------------+-------------------------+-----
Spellcasting   | 5 6 |  6.2
Invocations    | 1 2 3 |  3.9
Fighting       | 1 2 3 |  3.5
Short Blades   | 1 2 3 |  3.5
Long Blades    | 1 2 3 |  3.5
Axes           | 1 2 3 |  3.5
Maces & Flails | 1 2 3 |  3.5
Polearms       | 1 2 3 |  3.5
Staves         | 1 2 3 |  3.5
Slings         | 1 2 3 |  3.5
Bows           | 1 2 3 |  3.5
Crossbows      | 1 2 3 |  3.5
Throwing       | 1 2 3 |  3.5
Armour         | 1 2 3 |  3.5
Shields        | 1 2 3 |  3.5
Unarmed Combat | 1 2 3 |  3.5
Evocations     | 1 2 3 |  3.5
Hexes          | 1 2 |  2.9
Summonings     | 1 2 |  2.9
Necromancy     | 1 2 |  2.9
Translocations | 1 2 |  2.9
Transmutations | 1 2 |  2.9
Fire Magic     | 1 2 |  2.9
Ice Magic      | 1 2 |  2.9
Air Magic      | 1 2 |  2.9
Earth Magic    | 1 2 |  2.9
Poison Magic   | 1 2 |  2.9
Dodging        | 5 |  5.9
Stealth        | 5 |  5.5
Conjurations   | |  7.7

Action                   |  1- 3 |  4- 6 |  7- 9 || total
-------------------------+-------+-------+-------++-------
Melee: Unarmed           |     2 |       |       ||     2
       Bite              |     3 |     6 |    16 ||    25
       Short sword       |     1 |       |       ||     1
       Dagger            |    47 |   169 |   142 ||   358
       Punch             |     1 |     1 |       ||     2
       Hand axe          |       |       |    57 ||    57
 Cast: Magic Dart        |    39 |    38 |    13 ||    90
       Iskenderun's Myst |       |       |     2 ||     2
 Stab: Sleeping          |       |     2 |     4 ||     6
Armor: Leather armour    |    19 |    51 |    86 ||   156
Dodge: Dodged            |    40 |   104 |   117 ||   261

Table legend: (Time is in decaauts)
 A = Elapsed time spent in this place.
 B = Non-inter-level travel time spent in this place.
 C = Inter-level travel time spent in this place.
 D = Time resting spent in this place.
 E = Time spent auto-exploring this place.
 F = Levels seen in this place.
 G = Mean time per level.
                   A        B        C        D        E       F      G
               +--------+--------+--------+--------+--------+-----+--------+
         Total |   6706 |   6462 |    244 |    955 |   4357 |   6 | 1117.7 |
       Dungeon |   6706 |   6462 |    244 |    955 |   4357 |   6 | 1117.7 |
               +--------+--------+--------+--------+--------+-----+--------+

Top non-repeatable levels by time:
     D:4: 1408 daAuts
     D:1: 1379 daAuts
     D:2: 1297 daAuts
     D:3: 1146 daAuts
     D:5: 888 daAuts
     D:6: 585 daAuts
